Map: Bel'Shir Vestige LE (Void)

Players

Galacticus

  • Race: Protoss Protoss
  • League: Diamond
  • Spawn Location: 11:00

llllllllllll - Winner!

  • Race: Terran Terran
  • League: Master
  • Spawn Location: 5:00

VOD

Have the link to the VOD?

Description

Time

  • Played on: March 21, 2017, 10:11 p.m.
  • Length: 6:23
Show
View Real Time Build Order
Export as new Build Order

Galacticus Protoss 

Build Orders:  

Get SALT Encoding   

  12  3:54  Pylon  
  12  3:55  Nexus  
  12  3:58  Assimilator  
  12  3:59  Assimilator  
  12  4:00  Probe (Chrono Boost)  
  13  4:11  Probe (Chrono Boost)  
  13  4:14  Gateway  
  13  4:15  Gateway  
  14  4:17  Gateway  
  14  4:19  Gateway  
  14  4:22  Forge, Probe (Chrono Boost)  
  15  4:32  Probe (Chrono Boost)  
  16  4:39  Pylon  
  16  4:40  Pylon  
  16  4:43  Probe (Chrono Boost)  
  17  4:46  Pylon  
  17  4:51  Pylon x2  
  17  4:53  Probe (Chrono Boost)  
  18  5:04  Probe (Chrono Boost)  
  20  5:07  Probe (Chrono Boost)  
  20  5:12  Cybernetics Core  
  20  5:13  Zealot x4  
  28  5:14  Probe (Chrono Boost)  
  28  5:17  Probe (Chrono Boost)  
  30  5:25  Probe (Chrono Boost), Photon Cannon x2  
  30  5:28  Probe (Chrono Boost)  
  33  5:35  Probe (Chrono Boost)  
  33  5:38  Probe (Chrono Boost)  
  34  5:43  Zealot  
  34  5:44  Zealot x3  
  34  5:49  Probe (Chrono Boost)  
  44  5:50  Probe (Chrono Boost)  
  44  6:00  Probe (Chrono Boost)  
  46  6:05  Photon Cannon  
  46  6:09  Photon Cannon  
Show
View Real Time Build Order
Export as new Build Order

llllllllllll Terran - Winner!

Build Orders: Command Center First (CC), MMM Bio 

Get SALT Encoding   

  12  0:00  SCV  
  13  0:12  SCV  
  14  0:17  Supply Depot  
  14  0:25  SCV  
  15  0:39  SCV  
  16  0:51  SCV  
  17  1:03  Command Center, SCV  
  18  1:13  Barracks  
  18  1:16  SCV  
  19  1:28  SCV  
  19  1:30  Barracks  
  20  1:40  SCV  
  20  1:44  Barracks  
  21  1:52  SCV  
  22  1:54  Refinery  
  22  1:57  Refinery  
  22  2:00  Marine  
  23  2:10  Orbital Command  
  23  2:19  Orbital Command  
  23  2:23  Marine  
  23  2:26  Marine  
  25  2:32  Barracks Reactor  
  25  2:36  SCV  
  26  2:43  Barracks Tech Lab  
  26  2:45  Supply Depot, Marine  
  26  2:49  SCV  
  28  2:52  SCV  
  29  3:01  SCV  
  29  3:02  Stimpack  
  29  3:03  Marine  
  29  3:05  SCV  
  32  3:07  Marine  
  32  3:09  Marine  
  32  3:10  Marine  
  35  3:13  SCV  
  35  3:17  SCV  
  37  3:20  Factory  
  37  3:24  Barracks Tech Lab  
  37  3:28  Engineering Bay  
  37  3:29  SCV  
  37  3:31  SCV  
  39  3:37  Supply Depot, Marine  
  39  3:39  Marine  
  39  3:40  Marine  
  42  3:43  SCV  
  42  3:44  SCV  
  42  3:47  Marine  
  45  3:55  SCV  
  46  3:59  Terran Infantry Weapons Level 1, SCV  
  46  4:00  Supply Depot  
  47  4:02  Combat Shields  
  47  4:07  SCV  
  48  4:11  Marine, SCV  
  48  4:15  Marine  
  51  4:18  Marine  
  51  4:19  SCV  
  51  4:22  Starport  
  51  4:23  SCV, Factory Reactor  
  54  4:26  Marine  
  54  4:30  Supply Depot  
  55  4:33  Supply Depot, Marine  
  55  4:34  SCV  
  55  4:35  SCV  
  55  4:36  Marine  
  55  4:38  Marine  
  60  4:43  Refinery  
  60  4:46  SCV  
  60  4:47  Supply Depot, SCV  
  60  4:51  Marine  
  63  4:53  Marine  
  63  4:56  Marauder  
  63  4:58  SCV  
  63  4:59  Armory, SCV  
  68  5:09  Marauder, Marine  
  68  5:10  Factory Tech Lab, SCV  
  68  5:14  Missile Turret  
  72  5:16  Missile Turret  
  72  5:17  Marauder  
  72  5:19  Supply Depot  
  74  5:21  Concussive Shells, Marine  
  74  5:25  Medivac  
  77  5:30  Marine x2  
  77  5:31  Medivac  
  81  5:36  Supply Depot  
  81  5:39  SCV  
  81  5:40  SCV  
  83  5:51  SCV  
  83  5:52  SCV  
  85  5:58  Command Center  
  85  6:01  Marine  
  85  6:02  Marauder  
  85  6:03  SCV  
  89  6:04  SCV  
Tags
 
Add a new tag
Caveats
  • Supply blocks, unpowered buildings, or Contaminate may cause inaccurate times.
  • Supply counts are checked every 10 seconds.